 Dungeon Sprint DCSS version 0.15-a0-1485-g692b94f (webtiles) character file.

79 PolkaDot the Martial Artist (level 4, -12/31 HPs)
             Began as a Vampire Transmuter on June 14, 2014.
             Mangled by a skeletal warrior
             ... wielding a +0,+0 glaive
              (22 damage)
             ... in the Dungeon (Sprint VII: "The Pits").
             The game lasted 00:01:30 (583 turns).

PolkaDot the Martial Artist (Vampire Transmuter)     Turns: 583, Time: 00:01:30

HP -12/31        AC  2     Str  9      XL: 4   Next: 17%
MP   7/7         EV 15     Int 15      God:
Gold 0           SH  0     Dex 15      Spells:  0 memorised,  7 levels left

rFire  . . .     SeeInvis +       - Unarmed
rCold  . . .     Clarity  .     c - +0 robe
rNeg   + . .     rCorr    .     (no shield)
rPois  .         rRot     .     (no helmet)
rElec  .         Spirit   .     (no cloak)
SustAb .         Warding  .     (no gloves)
rMut   .         NoTele   +     (no boots)
Gourm  .                        (no amulet)
MR     .....                    (no ring)
                                (no ring)

@: not resistant to hostile enchantments, very unstealthy
A: fangs 3, see invisible, unbreathing
a: Bat Form


You were in the Dungeon.
You were not thirsty.

You visited 1 branch

Inventory:

Missiles
 b - 12 arrows
Armour
 c - a +0 robe (worn)
Scrolls
 j - a scroll of blinking
Potions
 e - a potion of curing
 h - 2 potions of magic
 i - a potion of berserk rage
Books
 d - a book of Changes

   Spells                             Type                      Level
   Beastly Appendage                  Transmutation                1
   Sticks to Snakes                   Transmutation                2
   Spider Form                        Transmutation/Poison         3
   Ice Form                           Ice/Transmutation            4
   Blade Hands                        Transmutation                5


   Skills:
 - Level 0.8 Fighting
 + Level 5.4 Dodging
 * Level 8.1 Unarmed Combat
 - Level 2.0 Spellcasting
   Level 2.1 Transmutations


You had 7 spell levels left.
You didn't know any spells.

Dungeon Overview and Level Annotations

Branches:
Dungeon (1/1)

Altars:


Innate Abilities, Weirdness & Mutations

You have razor-sharp teeth.*
You have supernaturally acute eyesight.
You can survive without breathing.*


Message History

The hell hound bites you!
A skeletal warrior opens the huge gate.
A hell hound comes into view.
Unknown command.
Unknown command.
You hit the hell hound but do no damage.
The hell hound bites you.
You miss the hell hound. Your bite misses the hell hound.
The hell hound bites you. The hell hound breathes flames at you.
The blast of flame misses you.
You hit the hell hound. Your bite misses the hell hound.
The hell hound is lightly wounded.
The hell hound breathes flames at you. The blast of flame misses you.
You miss the hell hound.
The hell hound is lightly wounded.
The hell hound misses you.
The skeletal warrior hits you from afar with a glaive!!
Ouch! That really hurt!
You die... h# #Z D# #l S# #Z h# #p E#y

########h######..
.........@........
..................
#######'z########
##########''######
#......%.........#
#......#..#).....#
#####................+
....+................+
#####......#..#......#


You could see a skeletal warrior, an anaconda, an earth elemental, a
necromancer, a basilisk, 2 hell hounds, a mottled dragon, a vampire mosquito, a
wolf and 2 adder zombies.

Vanquished Creatures
  A brain worm (D)
  A green rat (D)
  A goblin (D)
3 creatures vanquished.

Notes
Turn   | Place    | Note
--------------------------------------------------------------
     0 | D        | PolkaDot, the Vampire Transmuter, began the quest for the Orb.
     0 | D        | Reached XP level 1. HP: 14/14 MP: 3/3
    15 | D        | Reached skill level 5 in Unarmed Combat
    15 | D        | Reached XP level 2. HP: 1/20 MP: 4/4
   327 | D        | Noticed a brain worm
   360 | D        | Killed a brain worm
   360 | D        | Reached skill level 5 in Dodging
   360 | D        | Reached skill level 8 in Unarmed Combat
   360 | D        | Reached XP level 3. HP: 11/25 MP: 6/6
   360 | D        | Reached XP level 4. HP: 13/31 MP: 7/7
   562 | D        | Noticed a skeletal warrior
   578 | D        | Noticed a wolf
   578 | D        | Noticed a mottled dragon
   578 | D        | Noticed a basilisk
   578 | D        | Noticed an anaconda
   578 | D        | Noticed a hell hound
   578 | D        | Noticed a hell hound
   578 | D        | Noticed a necromancer
   578 | D        | Noticed an earth elemental
   579 | D        | Noticed a wolf
   579 | D        | Noticed a vampire mosquito
   580 | D        | Noticed a hell hound
   583 | D        | Mangled by a skeletal warrior

Action                   |  1- 3 |  4- 6 || total
-------------------------+-------+-------++-------
Melee: Unarmed           |    22 |     5 ||    27
  Use: Potion            |     3 |       ||     3
